 Dungeon Crawl Stone Soup version 0.32-a0-995-gb4a59205af (webtiles) character file.

Game seed: 14095677961272930178

522 Arex the Covered (level 7, -12/60 HPs)
             Began as a Mountain Dwarf Fighter on Apr 22, 2024.
             Was a Priest of Lugonu.
             Mangled by an ogre
             ... wielding a +0 giant club
              (24 damage)
             ... on level 4 of the Dungeon.
             The game lasted 00:04:28 (3172 turns).

Arex the Covered (Mountain Dwarf Fighter)           Turns: 3172, Time: 00:04:29

Health: -12/60     AC:  9    Str: 21    XL:     7   Next: 1%
Magic:  9/9        EV:  8    Int:  8    God:    Lugonu [***...]
Gold:   228        SH:  4    Dex:  9    Spells: 6/6 levels left

rFire   . . .        i - +1 whip (elec)
rCold   . . .        c - +0 buckler
rNeg    . . .        b - +0 scale mail
rPois   .            (no helmet)
rElec   .            p - +0 cloak
rCorr   .            (no gloves)
SInv    .            r - +0 pair of boots
Will    .....        (no amulet) Stlth
                     (no ring)
HPRegen 0.30/turn    (no ring)
MPRegen 0.11/turn

%: no passive effects
@: no status effects
A: runic magic, artefact enchanting
a: Renounce Religion, Depart the Abyss, Banish


You were on level 4 of the Dungeon.
You worshipped Lugonu.
Lugonu was most pleased with you.
You visited 1 branch of the dungeon, and saw 4 of its levels.

You collected 228 gold pieces.

Inventory:

Hand Weapons
 a - a +0 war axe
 i - a +1 whip of electrocution (weapon)
Armour
 b - a +0 scale mail (worn)
 c - a +0 buckler (worn)
 p - a +0 cloak (worn)
 r - a +0 pair of boots (worn)
Wands
 s - a wand of paralysis (7)
Scrolls
 d - a scroll of identify
 e - a scroll of fear
 f - a scroll of immolation
 h - a scroll of brand weapon {unknown}
 j - a scroll of torment {unknown}
 l - a scroll of vulnerability
 m - a scroll of poison {unknown}
 o - a scroll of teleportation {unknown}
 q - a scroll of noise {unknown}
Potions
 g - a potion of ambrosia
 k - a potion of attraction
 n - a potion of curing


   Skills:
 + Level 4.9 Fighting
 + Level 4.6 Axes
 + Level 5.0 Armour
 + Level 4.9 Shields
 + Level 3.5 Invocations


You had 6 spell levels left.
You didn't know any spells.
Your spell library contained the following spells:

 Spells                   Type           Power      Damage    Failure   Level
 Sandblast                Erth           0%         2d4       54%         1
 Inner Flame              Hex/Fire       0%         N/A       89%         3
 Passwall                 Erth           0%         N/A       89%         3
 Stone Arrow              Conj/Erth      0%         3d7       89%         3
 Summon Ice Beast         Ice/Summ       0%         N/A       89%         3
 Flame Wave               Conj/Fire      0%         2d4       100%        4
 Sticky Flame             Fire/Alch      0%         2d4       100%        4
 Summon Mana Viper        Hex/Summ       0%         N/A       100%        5
 Monstrous Menagerie      Summ           0%         N/A       100%        7


Dungeon Overview and Level Annotations

Branches:
Dungeon (4/15)
 Temple: D:4-7

Altars:
Lugonu


Innate Abilities, Weirdness & Mutations

Your spellcasting is much less encumbered by armour.
You can use scrolls of enchantment on lesser artefacts.


Message History

You are too injured to fight recklessly!
You are too injured to fight recklessly!
You are too injured to fight recklessly!
You are too injured to fight recklessly!
You are too injured to fight recklessly!
You are too injured to fight recklessly!
You are too injured to fight recklessly!
You are too injured to fight recklessly!
You are too injured to fight recklessly!
You are too injured to fight recklessly!
You are too injured to fight recklessly!
You are too injured to fight recklessly!
You are too injured to fight recklessly!
You are too injured to fight recklessly!
You are too injured to fight recklessly!
You are too injured to fight recklessly!
You are too injured to fight recklessly!
You are too injured to fight recklessly!
You are too injured to fight recklessly!
You are too injured to fight recklessly!
You are too injured to fight recklessly!
You are too injured to fight recklessly!
You are too injured to fight recklessly!
You are too injured to fight recklessly!
You are too injured to fight recklessly!
You are too injured to fight recklessly!
You are too injured to fight recklessly!
You are too injured to fight recklessly!
You are too injured to fight recklessly!
You are too injured to fight recklessly!
You barely miss the ogre.
The ogre is lightly wounded.
You barely miss the ogre.
The ogre is lightly wounded.
The ogre hits you with a +0 giant club!
* * * LOW HITPOINT WARNING * * *
You hit the ogre.
The ogre is moderately wounded.
The ogre hits you with a +0 giant club!!
You die...

#######.#.....#.#.#
# ........#......
#.######....###..
...#.+......# #
#.####.#.#....#.#
#.............# #
######.#.#...(#
#.#.#.#### #@#....
#O#..... #.#......
..........
≈≈≈..≈≈§≈.. .....
..... ......#


You could see an ogre.

Vanquished Creatures
  Grinder (D:3)
  Terence (D:2)
  An iguana (D:3)
  An orc wizard (D:3)
  A gnoll (D:1)
  5 adders
  2 dart slugs (D:1)
  4 orcs (D:3)
  7 endoplasms
  2 giant cockroaches (D:1)
  2 goblins (D:3)
  16 hobgoblins
  11 jackals
  7 quokkas
  6 ball pythons
  4 bats
  6 frilled lizards
  10 kobolds
  7 rats
94 creatures vanquished.

Notes
Turn   | Place    | Note
-------+----------+-------------------------------------------
     0 | D:1      | Arex the Mountain Dwarf Fighter began the quest for the
                  | Orb.
     0 | D:1      | Reached XP level 1. HP: 19/19 MP: 1/1
    43 | D:1      | Reached XP level 2. HP: 17/26 MP: 2/2
   360 | D:1      | Reached XP level 3. HP: 30/33 MP: 3/3
   738 | D:1      | Found a faded altar of an unknown god.
  1004 | D:1      | Prayed at the altar of an unknown god.
  1004 | D:1      | Became a worshipper of Lugonu the Unformed
  1004 | D:1      | Reached * piety under Lugonu
  1331 | D:2      | Reached skill level 4 in Armour
  1331 | D:2      | Reached XP level 4. HP: 40/40 MP: 4/4
  1549 | D:2      | Reached ** piety under Lugonu
  1827 | D:2      | Reached skill level 1 in Invocations
  1887 | D:2      | Noticed Terence
  1889 | D:2      | Killed Terence
  2128 | D:3      | Reached XP level 5. HP: 41/46 MP: 6/6
  2766 | D:3      | Noticed Grinder
  2794 | D:3      | Paralysed by Grinder for 2 turns
  2799 | D:3      | Killed Grinder
  2800 | D:3      | Reached XP level 6. HP: 53/53 MP: 6/8
  3046 | D:4      | Reached *** piety under Lugonu
  3102 | D:4      | Noticed an ice beast
  3106 | D:4      | Banished an ice beast
  3107 | D:4      | Reached skill level 5 in Armour
  3107 | D:4      | Reached XP level 7. HP: 60/60 MP: 4/9
  3172 | D:4      | Mangled by an ogre

Illustrated notes

Levels and vault maps discovered:
D:1:      dpeg_arrival_rooms_b, layout_loops_ring,
          hellmonk_ecumenical_altar_leap_of_faith, minmay_pentomino_x2
D:2:      layout_basic, minmay_puff, uniq_terence
D:3:      minmay_general_purpose_star, layout_loops_ring, uniq_grinder
D:4:      layout_basic, nicolae_dithmenos_the_darkroom,
          mainiacjoe_overflow_boulevard, hex_large, uniq_edmund

Skill      XL: |  1  2  3  4  5  6 |
---------------+-------------------+-----
Axes           | 3 4 |  4.6
Armour         | 4 5 |  5.0
Fighting       | 4 |  4.9
Shields        | 4 |  4.9
Invocations    | 1 3 |  3.5

Action                     |  1- 3 |  4- 6 |  7- 9 || total
---------------------------+-------+-------+-------++-------
  Melee: War axe           |    65 |       |       ||    65
         Whip              |    81 |   181 |     7 ||   269
 Invoke: Banish            |       |     1 |       ||     1
    Use: Scroll            |       |     6 |       ||     6
         Potion            |       |     1 |       ||     1
 Armour: Scale mail        |    99 |   114 |     5 ||   218
  Dodge: Dodged            |    70 |    76 |     1 ||   147
  Block: Buckler           |    32 |    46 |       ||    78

Table legend: (Time is in decaauts)
 A = Elapsed time spent in this place.
 B = Non-inter-level travel time spent in this place.
 C = Inter-level travel time spent in this place.
 D = Time resting spent in this place.
 E = Time spent auto-exploring this place.
 F = Levels seen in this place.
 G = Mean time per level.
                   A        B        C        D        E       F      G
               +--------+--------+--------+--------+--------+-----+--------+
         Total |   3204 |   3027 |    177 |    107 |   2258 |   4 |  801.0 |
       Dungeon |   3204 |   3027 |    177 |    107 |   2258 |   4 |  801.0 |
               +--------+--------+--------+--------+--------+-----+--------+

Top non-repeatable levels by time:
     D:1: 1065 daAuts
     D:2: 1052 daAuts
     D:3: 953 daAuts
     D:4: 133 daAuts
